 Dungeon Crawl Stone Soup version 0.25.1-2-g60ff931df9 (webtiles) character file.

Game seed: 14302933197646105983

151 Peloso the Covered (level 5, -8/47 HPs)
             Began as a Minotaur Fighter on Aug 1, 2020.
             Killed by divine providence
             ... invoked by an orc priest
              (17 damage)
             ... on level 3 of the Dungeon.
             The game lasted 00:07:23 (1900 turns).

Peloso the Covered (Minotaur Fighter)               Turns: 1900, Time: 00:07:25

Health: -8/47      AC: 10    Str: 20    XL:     5   Next: 10%
Magic:  4/4        EV:  5    Int:  5    God:
Gold:   105        SH:  9    Dex: 11    Spells: 4/4 levels left

rFire    . . .     SeeInvis .   a - +0 long sword
rCold    . . .     Gourm    .   c - +0 kite shield
rNeg     + . .     Faith    .   h - +0 chain mail (curse)
rPois    .         Spirit   .   (helmet restricted)
rElec    .         Reflect  .   (no cloak)
rCorr    .         Harm     .   m - +0 pair of gloves
MR       .....                  (no boots)
Stlth    ..........             (no amulet)
HPRegen  0.15/turn              i - ring of positive energy
MPRegen  0.09/turn              (no ring)

@: brilliant, flying
A: retaliatory headbutt, horns 2
a: no special abilities


You were on level 3 of the Dungeon.
You were not hungry.

You visited 1 branch of the dungeon, and saw 3 of its levels.

You collected 105 gold pieces.

Inventory:

Hand Weapons
 a - a +0 long sword (weapon)
Missiles
 j - 12 bolts
Armour
 b - a +0 scale mail
 c - a +0 kite shield (worn)
 h - a cursed +0 chain mail (worn)
 m - a +0 pair of gloves (worn)
Jewellery
 i - a ring of positive energy (left hand)
 p - a cursed ring of teleportation {unknown}
Scrolls
 e - a scroll of immolation {unknown}
 l - a scroll of enchant armour {unknown}
 n - a scroll of teleportation {unknown}
 r - a scroll of remove curse {unknown}
 t - a scroll of identify {unknown}
Potions
 d - 2 potions of might
 k - a potion of brilliance
 o - a potion of stabbing
 s - a potion of mutation {unknown}
Comestibles
 f - 3 rations
 q - 2 chunks of flesh


   Skills:
 + Level 4.4 Fighting
 + Level 3.8 Long Blades
 + Level 4.8 Armour
 + Level 0.3 Dodging
 + Level 4.7 Shields


You had 4 spell levels left.
You didn't know any spells.
Your spell library contained the following spells:

 Spells                   Type           Power        Failure   Level  Hunger
 Animate Skeleton         Necr           N/A          100%        1    None
 Pain                     Necr           #...         100%        1    None
 Vampiric Draining        Necr           #.........   100%        3    None
 Animate Dead             Necr           N/A          100%        4    None
 Agony                    Necr           #.......     100%        5    None


Dungeon Overview and Level Annotations

Branches:
Dungeon (3/15)

Altars:
Hepliaklqana


Innate Abilities, Weirdness & Mutations

You reflexively headbutt those who attack you in melee.
You have a pair of horns on your head.


Message History

It was a potion of brilliance.
You feel clever all of a sudden.
The orc priest hits you but does no damage.
It was a potion of flight.
You feel very buoyant.
You fly up into the air.
The orc priest hits you.
* * * LOW HITPOINT WARNING * * *
You barely miss the orc priest. Your headbutt misses the orc priest.
You block the orc priest's attack.
The orc priest hits you but does no damage.
You closely miss the orc priest. The orc priest barely misses you.
You barely miss the orc priest. You block the orc priest's attack.
You completely miss the orc priest. The orc priest barely misses you.
You riposte.
You hit the orc priest but do no damage.
You headbutt the orc priest!
The orc priest is heavily wounded.
The orc priest invokes the aid of Beogh against you.
Beogh smites you!
You die...

#...#####....( #. ##.###.#
#............# #.###......#
######[..###..###.### #.......#.#
...................>#####.....#
......).........#.#..)........#
.......^............#####.....#
######...###........# #.....#
#.........###..# #######
###.#)#####..@o..# .. #......)#
#####.## .#
#.#...#.#######.####### .###
#.....#.##...#..h.....# #.#..
#.....#.##..#......h..# ..h..
#..####.##.#.......#..# ..#.#
####........##.....##.#..###h.h..
......####.######.....#...o.wh..#
###.......##.......##.####o#...


You could see an orc priest.

Vanquished Creatures
  2 orc wizards (D:3)
  Robin (D:2)
  An adder (D:2)
  3 worms
  3 dart slugs
  A leopard gecko (D:3)
  3 orcs (D:3)
  2 giant cockroaches
  14 goblins
  6 hobgoblins
  4 jackals (D:3)
  4 bats
  A frilled lizard (D:2)
  5 kobolds
  3 rats
53 creatures vanquished.

Vanquished Creatures (others)
  An orc wizard (D:3)
1 creature vanquished.

Grand Total: 54 creatures vanquished

Notes
Turn   | Place    | Note
-------+----------+-------------------------------------------
     0 | D:1      | Peloso the Minotaur Fighter began the quest for the Orb.
     0 | D:1      | Reached XP level 1. HP: 19/19 MP: 0/0
   547 | D:1      | Reached XP level 2. HP: 27/27 MP: 1/1
   885 | D:2      | Noticed Robin
   906 | D:2      | Killed Robin
   906 | D:2      | Reached XP level 3. HP: 23/33 MP: 2/2
  1662 | D:3      | Reached XP level 4. HP: 40/40 MP: 3/3
  1709 | D:3      | Found a hazy altar of Hepliaklqana.
  1894 | D:3      | Reached XP level 5. HP: 11/47 MP: 4/4
  1900 | D:3      | Killed from afar by an orc priest

Illustrated notes

Levels and vault maps discovered:
D:1:      psy_arrival_statuary, layout_basic, st_stairs_9,
          minmay_misc_feat_plants
D:2:      layout_rooms, interstate_on_off, uniq_robin
D:3:      minmay_roachtagon, layout_loops_cross, nicolae_overflow_hidden_temple,
          lemuel_crystal_altar, minmay_misc_feat_chi,
          hangedman_decor_diamond_cutter, uniq_ijyb

Skill      XL: |  1  2  3 |
---------------+----------+-----
Shields        | 4 |  4.7
Armour         | 4 |  4.8
Fighting       | 4 |  4.4
Long Blades    | 3 |  3.8
Dodging        | |  0.3

Action                   |  1- 3 |  4- 6 || total
-------------------------+-------+-------++-------
Melee: Long sword        |   106 |    60 ||   166
       Headbutt          |    14 |    10 ||    24
  Use: Potion            |     1 |     2 ||     3
  Eat: Chunk             |     3 |       ||     3
Armor: Chain mail        |    78 |    28 ||   106
       Scale mail        |     3 |       ||     3
Dodge: Dodged            |    28 |    10 ||    38
Block: Kite shield       |    65 |    32 ||    97
       Rpst.: Long sword |     8 |     3 ||    11
